 Dungeon Crawl Stone Soup version 0.15-a0-2388-g9f833ab (webtiles) character file.

63 PolkaDot the Insei (level 3, -4/28 HPs)
             Began as a Draconian Transmuter on Aug 2, 2014.
             Killed from afar by a hobgoblin (9 damage)
             ... with a wand of frost
             ... on Level 2 of the Dungeon.
             The game lasted 00:05:56 (1823 turns).

PolkaDot the Insei (Draconian Transmuter)           Turns: 1823, Time: 00:05:56

HP  -4/28        AC  8     Str 12      XL: 3   Next: 87%
MP   6/6         EV 12     Int 13      God:
Gold 78          SH  0     Dex 12      Spells:  1 memorised,  5 levels left

rFire  . . .     SeeInvis .       - Unarmed
rCold  . . .     Clarity  +     (armour unavailable)
rNeg   . . .     rCorr    .     (no shield)
rPois  .         rRot     .     (helmet restricted)
rElec  .         Spirit   .     (no cloak)
SustAb .         Warding  .     (no gloves)
rMut   .         Stasis   .     m - +2 pair of boots {run}
Gourm  .                        i - amulet of clarity
MR     .....                    (no ring)
                                (no ring)

@: quick, not resistant to hostile enchantments, very unstealthy
A: unfitting armour, cold-blooded, AC +5
a: no special abilities


You were on level 2 of the Dungeon.
You were not hungry.

You visited 1 branch of the dungeon, and saw 2 of its levels.

You collected 78 gold pieces.

Inventory:

Missiles
 b - 12 arrows
Armour
 m - a +2 pair of boots of running (worn)
Comestibles
 a - a bread ration
 f - a slice of pizza
 h - 2 chunks of jackal flesh {@w1}
Jewellery
 i - an amulet of clarity (around neck)
Potions
 c - a potion of haste
 e - 2 potions of mutation {unknown}
Books
 d - a book of Changes

   Spells                             Type                      Level
   *Beastly Appendage                 Transmutation                1
   Sticks to Snakes                   Transmutation                2
   Spider Form                        Transmutation/Poison         3
   Ice Form                           Ice/Transmutation            4
   Blade Hands                        Transmutation                5


   Skills:
 - Level 1.1 Fighting
 - Level 1.7 Dodging
 + Level 4.8 Unarmed Combat
 - Level 2.0 Spellcasting
 - Level 2.0 Transmutations


You had 5 spell levels left.
You knew the following spells:

 Your Spells              Type           Power        Failure   Level  Hunger
a - Beastly Appendage     Trmt           #.....       12%         1    ##.....


Dungeon Overview and Level Annotations

Branches:
Dungeon (2/15)

Altars:
Vehumet


Innate Abilities, Weirdness & Mutations

Your plain brown scales are hard (AC +5).
Your body does not fit into most forms of armour.
Your cold-blooded metabolism reacts poorly to cold.


Message History

A hobgoblin comes into view.
The hobgoblin shouts!
The hobgoblin zaps a wand.
The puff of frost hits you!
You are too injured to fight recklessly!
You are too injured to fight recklessly!
You are too injured to fight recklessly!
The hobgoblin zaps a wand.
The puff of frost hits you!
* * * LOW HITPOINT WARNING * * *
A rat comes into view.
You hit the hobgoblin but do no damage. You hit the hobgoblin but do no damage.
The hobgoblin hits you but does no damage.
You hit the hobgoblin.
The hobgoblin is heavily wounded.
The hobgoblin zaps a wand.
The puff of frost hits you!
* * * LOW HITPOINT WARNING * * *
You closely miss the hobgoblin.
The hobgoblin is heavily wounded.
The hobgoblin zaps a wand.
The puff of frost hits you!
You die...

..####.#....##
...##.#...#..########
...'.###.............
...##.#...##.########
..####.#.###..# .##
#.### ##.## # ## #.#
#..#####.### # #.#
##..........# #.#
#..@.#...#. #.#
#...g....# ######.#
#..#._.#.# .....#.#
#.....r.. .......#
#....#..... #.##.###
#......... #.##.#
#..... ## ..##.#
####### ####.#


You could see a hobgoblin and a rat.

Vanquished Creatures
  An adder (D:2)
  A worm (D:2)
  A giant gecko (D:1)
  2 oozes (D:1)
  2 ball pythons (D:1)
  2 giant cockroaches (D:1)
  5 goblins
  2 hobgoblins (D:1)
  3 bats (D:1)
  A giant newt (D:1)
  10 jackals
  7 kobolds
  2 rats (D:1)
39 creatures vanquished.

Notes
Turn   | Place    | Note
--------------------------------------------------------------
     0 | D:1      | PolkaDot, the Draconian Transmuter, began the quest for the Orb.
     0 | D:1      | Reached XP level 1. HP: 16/16 MP: 3/3
   336 | D:1      | Reached XP level 2. HP: 17/23 MP: 4/4
   618 | D:1      | Reached skill level 4 in Unarmed Combat
   697 | D:1      | Identified a +2 pair of boots of running (You found it on level 1 of the Dungeon)
   815 | D:1      | Reached XP level 3. HP: 18/28 MP: 6/6
  1815 | D:2      | Found a radiant altar of Vehumet.
  1823 | D:2      | Killed from afar by a hobgoblin

Action                   || total
-------------------------++-------
Melee: Unarmed           ||   174
  Use: Scroll            ||     1
  Eat: Chunk             ||     3
